 Dungeon Crawl Stone Soup version 0.31-a0-485-gaadceae713 (webtiles) character file.

Game seed: 18144213782111245576

259 DAZBEAN the Slasher (level 5, -8/49 HPs)
             Began as a Troll Gladiator on Aug 3, 2023.
             Was an Initiate of Ru.
             Splashed by a jelly's acid (9 damage)
             ... on level 3 of the Dungeon on Aug 7, 2023.
             The game lasted 00:29:08 (3313 turns).

DAZBEAN the Slasher (Troll Gladiator)               Turns: 3313, Time: 00:29:12

Health: -8/49      AC: -4    Str: 24    XL:     5   Next: 94%
Magic:  4/4        EV: 10    Int:  4    God:    Ru [......]
Gold:   157        SH:  0    Dex: 11    Spells: 4/4 levels left

rFire   . . .        a - +0 long sword
rCold   . . .        (no shield)
rNeg    . . .        b - +0 robe
rPois   .            c - +0 hat
rElec   .            (no cloak)
rCorr   .            (gloves unavailable)
SInv    .            (boots unavailable)
Will    .....        (no amulet)
Stlth   +            (no ring)
HPRegen 1.08/turn    (no ring)
MPRegen 0.09/turn

%: no passive effects
@: corroded
A: large, unfitting armour, claws 3, regeneration 1, shaggy fur 1, tough skin 1
a: Renounce Religion


You were on level 3 of the Dungeon.
You worshipped Ru.
Ru was noncommittal.
You visited 1 branch of the dungeon, and saw 3 of its levels.

You collected 157 gold pieces.

Inventory:

Hand Weapons
 a - a +0 long sword (weapon)
 h - a +0 falchion
 i - a +0 mace
 n - a +0 falchion
 q - a +0 hand axe
Missiles
 j - 7 stones
 u - 3 boomerangs
 w - 9 poisoned darts (quivered)
 x - a large rock
Armour
 b - a +0 robe (worn)
 c - a +0 hat (worn)
 e - a +0 ring mail
 g - a +0 chain mail
 t - a +0 robe
 v - a +0 ring mail
 y - a +0 ring mail
 z - a +0 robe
Scrolls
 k - 2 scrolls of fog {unknown}
 o - 5 scrolls of identify {unknown}
 p - a scroll of blinking {unknown}
 r - 2 scrolls of teleportation {unknown}
 s - a scroll of enchant armour {unknown}
Potions
 d - 2 potions of might {unknown}
 f - a potion of ambrosia {unknown}
 l - a potion of mutation {unknown}
 m - a potion of invisibility {unknown}


   Skills:
 + Level 2.2 Fighting
 + Level 4.1 Long Blades
 + Level 2.7 Throwing
 + Level 3.5 Dodging
 + Level 0.1 Stealth


You had 4 spell levels left.
You didn't know any spells.
Your spell library contained the following spells:

 Spells                   Type           Power      Damage    Failure   Level
 Freeze                   Ice            0%         1d3       50%         1
 Frozen Ramparts          Ice            0%         1d1       86%         3
 Hailstorm                Conj/Ice       0%         3d3       86%         3


Dungeon Overview and Level Annotations

Branches:
Dungeon (3/15)

Altars:
Ru


Innate Abilities, Weirdness & Mutations

You are too large for most types of armour.
You have claws for hands.
Your natural rate of healing is unusually fast.
You are covered in fur. (AC +1)
You have tough skin. (AC +1)


Message History

You see here a +0 morningstar.
Found a ring mail.
Found a glowing golden potion.
Found a stone staircase leading down.
You see here a +0 ring mail.
e - a +0 ring mail
Found 10 gold pieces.
Found a spear.
d - 2 glowing golden potions (gained 1)
Found a faded altar of an unknown god.
You now have 157 gold pieces (gained 10).
Found 5 stones and a pair of gloves.
Found a stone staircase leading up.
You slash the jelly!
Your claws burn!
The jelly is moderately wounded.
The jelly closely misses you.
You slash the jelly!
Your claws burn!
The jelly is severely wounded.
The jelly hits you. The acid corrodes you!
You are splashed with acid!
You hit the jelly but do no damage. The acid corrodes you!
Your claws burn!
The jelly is severely wounded.
The jelly hits you.
You are splashed with acid!
The jelly hits you.
You are splashed with acid!
You hit the jelly but do no damage.
Your claws burn!
The jelly is severely wounded.
The jelly barely misses you.
You hit the jelly but do no damage.
Your claws burn!
* * * LOW HITPOINT WARNING * * *
The jelly is severely wounded.
The jelly hits you.
* * * LOW HITPOINT WARNING * * *
You are splashed with acid!
* * * LOW HITPOINT WARNING * * *
You hit the jelly but do no damage.
Your claws burn!
* * * LOW HITPOINT WARNING * * *
The jelly is severely wounded.
The jelly hits you.
* * * LOW HITPOINT WARNING * * *
You are splashed with acid!
You die...

# ## #. ##.#
#.####...#
#........# _ ...
#.[......# .
....#..(.....# #.
#+#.#<.........# .
#.#.#######J### #.
#.#.#......@..#
#.###.#.#.........#
#...#.#...........#
## #...............#
.####.....##..)..###
...)#####..#######
..)........#
....#####..# .####
#....#


You could see a jelly.

Vanquished Creatures
  Sigmund (D:2)
  3 adders (D:2)
  A worm (D:2)
  2 dart slugs (D:2)
  An orc (D:3)
  5 bats
  7 endoplasms (D:1)
  3 giant cockroaches
  4 goblins (D:2)
  6 hobgoblins
  4 jackals
  6 kobolds
  A quokka (D:3)
  4 ball pythons
  3 frilled lizards
  8 rats
59 creatures vanquished.

Notes
Turn   | Place    | Note
-------+----------+-------------------------------------------
     0 | D:1      | DAZBEAN the Troll Gladiator began the quest for the Orb.
     0 | D:1      | Reached XP level 1. HP: 19/19 MP: 0/0
   270 | D:1      | Reached XP level 2. HP: 16/27 MP: 1/1
   709 | D:1      | Reached XP level 3. HP: 35/35 MP: 2/2
  1786 | D:2      | Reached skill level 3 in Long Blades
  2205 | D:2      | Noticed Sigmund
  2212 | D:2      | Killed Sigmund
  2213 | D:2      | Reached XP level 4. HP: 42/42 MP: 3/3
  2213 | D:2      | Reached XP level 5. HP: 49/49 MP: 4/4
  2329 | D:2      | Reached skill level 4 in Long Blades
  2744 | D:2      | Upgraded the game from 0.31-a0-455-g1a7b003ef0 to
                  | 0.31-a0-485-gaadceae713
  2967 | D:3      | Found a sacrificial altar of Ru.
  3005 | D:3      | Became a worshipper of Ru the Awakened
  3288 | D:3      | Found a faded altar of an unknown god.
  3313 | D:3      | HP: 2/49 [acid (3)]
  3313 | D:3      | Splashed by a jelly's acid

Illustrated notes

Levels and vault maps discovered:
D:1:      matt_arrival_los_fun, layout_basic
D:2:      layout_loops_cross, serial_park_tiny_2, minmay_ruptured, uniq_sigmund
D:3:      minmay_general_purpose_star, layout_basic, kiku_gazebo_pond_becter,
          lemuel_tele_altar, mainiacjoe_overflow_catwalk,
          basic_ecumenical_altar, mrwooster_statue_mirror, hellmonk_no_cap

Skill      XL: |  1  2  3  4  5 |
---------------+----------------+-----
Throwing       | 2 |  2.7
Long Blades    | 3 4 |  4.1
Fighting       | 2 |  2.2
Dodging        | 3 |  3.5
Stealth        | |  0.1

Action                     |  1- 3 |  4- 6 || total
---------------------------+-------+-------++-------
  Melee: Long sword        |   106 |    66 ||   172
         Punch             |       |     1 ||     1
  Throw: Throwing net      |     9 |       ||     9
         Large rock        |     8 |     4 ||    12
         Dart              |     3 |       ||     3
         Stone             |     2 |    20 ||    22
         Boomerang         |     1 |       ||     1
   Stab: Held in net/web   |     2 |       ||     2
 Armour: Robe              |    48 |    21 ||    69
  Dodge: Dodged            |    60 |    39 ||    99

Table legend: (Time is in decaauts)
 A = Elapsed time spent in this place.
 B = Non-inter-level travel time spent in this place.
 C = Inter-level travel time spent in this place.
 D = Time resting spent in this place.
 E = Time spent auto-exploring this place.
 F = Levels seen in this place.
 G = Mean time per level.
                   A        B        C        D        E       F      G
               +--------+--------+--------+--------+--------+-----+--------+
         Total |   3362 |   3362 |      0 |   1107 |      0 |   3 | 1120.7 |
       Dungeon |   3362 |   3362 |      0 |   1107 |      0 |   3 | 1120.7 |
               +--------+--------+--------+--------+--------+-----+--------+

Top non-repeatable levels by time:
     D:1: 1612 daAuts
     D:2: 1315 daAuts
     D:3: 434 daAuts
